AoeStats
← Gul_Durak

Scandinavia

510328400Analyzed
1v1 RM · 20h ago on Sep 30, 2026· 32m 28s· 2 players
Game mode
Random Map
Map size
Tiny (2 player)
Population
200
Speed
Normal
Resources
Standard
Victory
Conquest
Starting age
Dark Age
Ending age
Imperial Age
RankedLock teamsTeams togetherTeam positionsShared explorationLock speedFull tech treeHidden civsTurbo modeCheats
Victory
Defeat
🇬🇧 Mongols · United Kingdom
1278
+14
🇩🇪 Spanish · Germany
1242
-14
Gul_Durak
7:43 Loom
10:24 Feudal Age
11:00 Double-Bit Axe
18:05 Castle Age
17:06 Bloodlines
18:23 Horse Collar
18:53 Scale Barding Armor
23:30 Husbandry
24:55 Chain Barding Armor
24:47 Fletching
28:46 Devotion
29:16 Bow Saw
29:07 Heavy Plow
29:45 Wheelbarrow
28:57 Town Watch
31:24 Gold Mining
34:27 Imperial Age
SimCity2000
9:14 Feudal Age
10:36 Double-Bit Axe
17:09 Castle Age
15:34 Fletching
16:05 Horse Collar
18:01 Medium Warships
18:03 Forging
20:47 Bow Saw
20:44 Bodkin Arrow
20:49 Padded Archer Armor
22:02 Fishing Lines
22:42 Loom
24:38 Ballistics
28:49 Heavy Plow
30:57 Leather Archer Armor
31:19 Thumb Ring
32:18 Bloodlines
Connection lost

Rejoining the realm…

Still unreachable

The connection could not be restored.

Session expired

The server has moved on; the page needs a fresh start.